 Dungeon Crawl Stone Soup version 0.30.0-5-g1a98f26d00 (webtiles) character file.

Game seed: 11413952439930767036

2950 Cheops the Grappler (level 9, -5/70 HPs)
             Began as a Ghoul Monk on May 9, 2023.
             Was a Priest of Wu Jian.
             Slain by a manticore (8 damage)
             ... on level 7 of the Dungeon.
             The game lasted 00:16:17 (5687 turns).

Cheops the Grappler (Ghoul Monk)                    Turns: 5687, Time: 00:16:17

Health: -5/70      AC: 10    Str: 19    XL:     9   Next: 81%
Magic:  0/8        EV: 10    Int:  5    God:    Wu Jian [***...]
Gold:   160        SH:  0    Dex: 11    Spells: 8/8 levels left

rFire   . .          .
                       - Unarmed
rCold   + . .        c - orb {light}
rNeg    + + +        a - +3 scale mail {Will+}
rPois   ∞            (no helmet)
rElec   .            (no cloak)
rCorr   .            (no gloves)
SInv    .            (no boots)
Will    +....        m - amulet of guardian spirit Stlth
                     k - ring of flight
HPRegen 0.00/turn    (no ring)
MPRegen 0.11/turn

%: guardian spirit
@: flying, inhibited regen, glowing
A: claws 1, cold resistance 1, negative energy resistance 3, inhibited
regeneration, torment resistance 2, devour on kill
a: Renounce Religion, Wall Jump, Serpent's Lash


You were on level 7 of the Dungeon.
You worshipped Wu Jian.
Wu Jian was most pleased with you.
You visited 2 branches of the dungeon, and saw 9 of its levels.

You collected 305 gold pieces.
You spent 145 gold pieces at shops.

Inventory:

Armour
 a - a +3 scale mail of willpower (worn)
 c - an orb of light (worn)
Jewellery
 k - a ring of flight (left claw)
 m - an amulet of guardian spirit (around neck)
Wands
 o - a wand of mindburst (9)
 w - a wand of roots (5)
Scrolls
 e - a scroll of noise {unknown}
 g - 4 scrolls of teleportation
 h - 2 scrolls of fear
 j - a scroll of silence
 l - a scroll of enchant weapon
 n - a scroll of magic mapping
 p - a scroll of immolation {unknown}
 s - a scroll of blinking {unknown}
 t - a scroll of butterflies {unknown}
 u - a scroll of poison
Potions
 b - 5 potions of ambrosia
 d - 5 potions of curing
 f - 2 potions of heal wounds
 i - a potion of invisibility
 q - a potion of brilliance {unknown}
 r - 3 potions of lignification {unknown}
 x - a potion of flight {unknown}
 z - a potion of might


   Skills:
 - Level 3.2 Fighting
 + Level 5.9 Armour
 - Level 2.6 Dodging
 * Level 12.8 Unarmed Combat


You had 8 spell levels left.
You didn't know any spells.
Your spell library contained the following spells:

 Spells                   Type           Power      Damage    Failure   Level
 Magic Dart               Conj           0%         1d3       82%         1
 Blink                    Tloc           0%         N/A       91%         2
 Cigotuvi's Dreadful Rot  Necr/Pois/Air  0%         N/A       91%         2
 Ensorcelled Hibernation  Hex/Ice        0%         N/A       91%         2
 Passwall                 Tmut/Erth      0%         N/A       91%         2
 Searing Ray              Conj           0%         2d4       91%         2
 Static Discharge         Conj/Air       0%         2-2/arc   91%         2
 Dazzling Flash           Conj/Hex       0%         N/A       99%         3
 Ignite Poison            Fire/Tmut/Pois 0%         N/A       99%         3
 Swiftness                Air            0%         N/A       99%         3
 Airstrike                Air            0%         2d(0-16)  100%        4
 Fulminant Prism          Conj/Hex       0%         3d5       100%        4
 Manifold Assault         Tloc           0%         N/A       100%        4
 Summon Lightning Spire   Summ/Air       0%         N/A       100%        4
 Agony                    Necr           0%         N/A       100%        5
 Freezing Cloud           Conj/Ice/Air   0%         6-21      100%        5
 Silence                  Hex/Air        0%         N/A       100%        5
 Storm Form               Tmut/Air       Unusable   N/A       N/A         7

Dungeon Overview and Level Annotations

Branches:
Dungeon (8/15)             Temple (1/1) D:4
   Lair: D:8-11

Altars:
Ashenzari
Dithmenos
Fedhas
Kikubaaqudgha
Nemelex Xobeh
Okawaru
Qazlal
Ru
Sif Muna
Trog
Wu Jian
Xom
Yredelemnul

Shops:
D:5 *

Annotations:
D:6 Eustachio


Innate Abilities, Weirdness & Mutations

You are immune to poison.
You have sharp fingernails.
Your flesh is cold resistant. (rC+)
You are immune to negative energy. (rN+++)
You do not regenerate when monsters are visible.
You are immune to unholy pain and torment.
You thrive by killing the living.


Message History

The manticore flicks its tail.
The volley of spikes hits you.
The barbed spikes become lodged in your body.
The centaur shoots an arrow.
The arrow barely misses you.
There is a stone staircase leading up here.
The barbs in your skin will harm you if you move.
Continue?
The centaur shoots an arrow.
The arrow hits you! The manticore bites you!
* * * LOW HITPOINT WARNING * * *
The manticore claws you.
* * * LOW HITPOINT WARNING * * *
The manticore claws you.
* * * LOW HITPOINT WARNING * * *
The barbed spikes dig painfully into your body as you move.
* * * LOW HITPOINT WARNING * * *
You fly upwards.
There is a stone staircase leading down here.
You claw the manticore!
The manticore is moderately wounded.
The manticore barely misses you.
The manticore claws you but does no damage.
The manticore misses you.
You scratch the manticore.
The manticore is moderately wounded.
The manticore bites you!!
* * * LOW HITPOINT WARNING * * *
The manticore claws you but does no damage. x2
You scratch the manticore.
The manticore is heavily wounded.
You claw the manticore!
The manticore is severely wounded.
The manticore bites you.
* * * LOW HITPOINT WARNING * * *
The manticore claws you.
* * * LOW HITPOINT WARNING * * *
The manticore barely misses you.
You scratch the manticore.
The manticore is severely wounded.
You carefully extract the barbed spikes from your body.
The manticore bites you!
You die...

########.#.....
#........#.####
#.########..... #.#
#..### #.# #..#
####.########..###
#......)).[)......
#.##.###.###...###
#@##.# #.#.....# #
#H.#.# #.#.#.)####
##.#.# #.)....[.#.
#.#.# ######...>.
#.#.# ###.#. #.#.##
#.## #....## #.##
####...#.########.#
#.................#


You could see a manticore.

Vanquished Creatures
  Pikel (D:7)
  2 yaks (D:5)
  Duvessa (D:7)
  2 ice beasts (D:5)
  An ogre (D:5)
  A centaur (D:7)
  3 lemures (D:7)
  2 phantoms
  A bullfrog (D:7)
  3 scorpions
  7 wights (D:7)
  Dowan (D:7)
  5 killer bees (D:7)
  A howler monkey (D:4)
  A quasit (D:5)
  3 jellies
  2 sleepcaps
  4 hounds
  7 iguanas
  An orc wizard (D:3)
  6 adders
  5 gnolls
  2 shadow imps (D:5)
  2 white imps (D:5)
  An ufetubus (D:5)
  2 worms
  4 dart slugs
  7 orcs
  2 ball pythons
  3 bats
  4 endoplasms
  2 giant cockroaches
  9 goblins
  8 hobgoblins
  3 jackals
  8 kobolds
  5 quokkas
  5 frilled lizards (D:2)
  5 rats
132 creatures vanquished.

Notes
Turn   | Place    | Note
-------+----------+-------------------------------------------
     0 | D:1      | Cheops the Ghoul Monk began the quest for the Orb.
     0 | D:1      | Reached XP level 1. HP: 19/19 MP: 0/0
   100 | D:1      | Reached XP level 2. HP: 4/26 MP: 1/1
   217 | D:1      | Reached skill level 4 in Unarmed Combat
   418 | D:1      | Reached XP level 3. HP: 31/31 MP: 2/2
   658 | D:1      | Found a faded altar of an unknown god.
   841 | D:2      | Found a shimmering altar of Xom.
  1097 | D:2      | Reached skill level 5 in Unarmed Combat
  1100 | D:2      | Reached XP level 4. HP: 28/38 MP: 3/3
  1526 | D:3      | Reached skill level 6 in Unarmed Combat
  1649 | D:3      | Reached XP level 5. HP: 45/45 MP: 4/4
  1770 | D:3      | Found a broken altar of Ashenzari.
  2291 | D:4      | Found an ancient bone altar of Kikubaaqudgha.
  2376 | D:4      | Found a staircase to the Ecumenical Temple.
  2383 | Temple   | Entered the Ecumenical Temple
  2485 | D:4      | Reached skill level 7 in Unarmed Combat
  2485 | D:4      | Reached XP level 6. HP: 38/51 MP: 2/5
  2682 | D:4      | Found an ornate altar of the Wu Jian Council.
  2694 | D:4      | Found a stormy altar of Qazlal.
  2710 | D:4      | Found a blossoming altar of Fedhas.
  2776 | D:4      | Reached skill level 8 in Unarmed Combat
  3141 | D:4      | Became a worshipper of the Wu Jian Council
  3141 | D:4      | Reached * piety under Wu Jian
  3141 | D:4      | Reached ** piety under Wu Jian
  3229 | D:5      | Entered Level 5 of the Dungeon
  3286 | D:5      | Reached skill level 1 in Armour
  3286 | D:5      | Reached XP level 7. HP: 29/57 MP: 3/6
  3500 | D:5      | Found a sacrificial altar of Ru.
  3508 | D:5      | Reached skill level 9 in Unarmed Combat
  3731 | D:5      | Found Salo's General Store.
  3745 | D:5      | Reached XP level 8. HP: 43/63 MP: 4/7
  3755 | D:5      | Bought a scroll of teleportation for 30 gold pieces
  3755 | D:5      | Bought a scroll of enchant armour for 75 gold pieces
  3755 | D:5      | Bought a scroll of poison for 40 gold pieces
  3859 | D:5      | Reached skill level 10 in Unarmed Combat
  4052 | D:6      | Noticed Eustachio
  4053 | D:6      | Noticed a yak
  4053 | D:6      | Noticed a yak
  4054 | D:6      | Noticed a yak
  4065 | D:5      | Killed a yak
  4073 | D:5      | Killed a yak
  4275 | D:6      | You are sucked into a shaft and drop 1 floor!
  4319 | D:7      | Reached skill level 11 in Unarmed Combat
  4334 | D:7      | Noticed Pikel
  4373 | D:7      | Killed Pikel
  4374 | D:7      | Reached XP level 9. HP: 45/70 MP: 8/8
  4465 | D:7      | Reached skill level 5 in Armour
  4589 | D:7      | Reached skill level 12 in Unarmed Combat
  4930 | D:7      | Reached *** piety under Wu Jian
  5038 | D:7      | Noticed Duvessa
  5038 | D:7      | Noticed Dowan
  5051 | D:7      | Killed Duvessa
  5053 | D:7      | Killed Dowan
  5364 | D:8      | Found a shimmering altar of Xom.
  5394 | D:8      | Noticed a manticore
  5686 | D:7      | HP: 3/70 [manticore (5)]
  5687 | D:7      | Slain by a manticore

Illustrated notes

Levels and vault maps discovered:
D:1:      dpeg_arrival_lava_altar, layout_loops_cross,
          shapermc_ecumenical_altar_hornbeckon, chequers_serial_rivers_small_a,
          minmay_misc_feat_diagonals, grunt_decor_fettered
D:2:      layout_rooms, basic_altar, kennysheep_generic_room_7
D:3:      layout_loops_cross, ashenzari_conservatory_becter
D:4:      layout_basic, grunt_temple_overflow_forces_of_nature,
          mainiacjoe_overflow_brackets, lemuel_tele_altar,
          minmay_temple_entry_wispy
D:5:      layout_rooms, hangedman_ru_absence, serial_demonic, serial_demonic_c,
          serial_demonic_f, serial_demonic_d, serial_demonic_c,
          nicolae_inconvenience_store
D:6:      layout_loops_ring, nicolae_uskayaw_suspiria, minmay_misc_feat_doors,
          uniq_eustachio
D:7:      layout_loops_ring, mainiacjoe_overflow_surrounded_room, uniq_pikel,
          uniq_duvessa
D:8:      kennysheep_housing_project, layout_loops_cross, xom_butterflies,
          minmay_manual_mess
Temple:   hellmonk_temple_of_storms

Skill      XL: |  1  2  3  4  5  6  7  8  9 |
---------------+----------------------------+-----
Unarmed Combat | 4 5 6 7 8 9 11 12 | 12.8
Armour         | 1 2 4 5 |  5.9
Fighting       | |  3.2
Dodging        | |  2.6

Action                     |  1- 3 |  4- 6 |  7- 9 || total
---------------------------+-------+-------+-------++-------
  Melee: Unarmed           |    61 |   157 |   234 ||   452
 Invoke: Serpent's Lash    |       |       |     1 ||     1
Ability: Whirlwind         |       |     6 |     3 ||     9
         Lunge             |       |       |    12 ||    12
  Evoke: Wand              |       |       |     1 ||     1
    Use: Scroll            |       |     7 |     2 ||     9
 Armour: Robe              |     8 |     3 |       ||    11
         Ring mail         |       |    10 |       ||    10
         Scale mail        |       |    35 |    82 ||   117
  Dodge: Dodged            |    32 |    67 |   110 ||   209
